 Dungeon Crawl Stone Soup version 0.23.2-40-g277498a001 (webtiles) character file.

Game seed: 13442463101692976999

26445 CitizenNev the Fighter (level 13, -3/114 HPs)
             Began as a Formicid Fighter on Aug 20, 2019.
             Was the Champion of Okawaru.
             Killed from afar by an ice dragon (21 damage)
             ... with a blast of cold
             ... in an ice cave.
             The game lasted 00:49:03 (12369 turns).

CitizenNev the Fighter (Formicid Fighter)          Turns: 12369, Time: 00:49:04

Health: -3/114     AC: 32    Str: 40    XL:     13   Next: 58%
Magic:  12/13      EV: 16    Int:  8    God:    Okawaru [******]
Gold:   1399       SH: 17    Dex: 13    Spells: 12/12 levels left

rFire    + . .     SeeInvis +   u - +3 great sword of Cionnigh {flame, Str+4}
rCold    + . .     Gourm    .   c - +0 shield
rNeg     + . .     Faith    .   j - +12 chain mail of the Nightingale {rElec rCorr}
rPois    +         Spirit   .   (helmet unavailable)
rElec    +         Reflect  .   D - +0 cloak "Vezxasihi" {+Fly rN+}
rCorr    +         Harm     .   i - +0 pair of gloves
MR       +....                  B - +2 pair of boots of the Assassin {Detection Stab+ Stlth++}
Stlth    ++........             e - amulet of regeneration
HPRegen  0.69/turn              g - +3 ring of dexterity
MPRegen  0.13/turn              o - +5 ring of strength

@: mighty, resistant, heroism
A: permanent stasis, dig shafts and tunnels, four strong arms, antennae 3
a: Dig, Shaft Self, Heroism, Finesse, Renounce Religion, Evoke Flight


You were in an ice cave.
You worshipped Okawaru.
Okawaru was exalted by your worship.
You were not hungry.

You visited 3 branches of the dungeon, and saw 15 of its levels.
You also visited: Ice Cave.

You collected 1399 gold pieces.

Inventory:

Hand Weapons
 u - the +3 great sword of Cionnigh (weapon) {flame, Str+4}
   (Okawaru gifted it to you on level 10 of the Dungeon)

   It has been specially enchanted to burn those struck by it, causing extra
   injury to most foes and up to half again as much damage against particularly
   susceptible opponents.
   Big, fiery blades are also staple armaments of hydra-hunters.
   It affects your strength (+4).
 G - the +6 trident "Eviscerator" {speed, rPois, unknown}
   (You found it on level 12 of the Dungeon)

   Attacks with this weapon are significantly faster.
   It protects you from poison.
Armour
 c - a +0 shield (worn)
 i - a +0 pair of gloves (worn)
 j - the +12 chain mail of the Nightingale (worn) {rElec rCorr}
   (You found it on level 10 of the Dungeon)

   It insulates you from electricity.
   It provides partial protection from all sources of acid and corrosion.
 n - the +1 robe of Besocw {-Tele rF+ rCorr Str+3}
   (You found it on level 6 of the Dungeon)

   It affects your strength (+3).
   It protects you from fire.
   It prevents most forms of teleportation.
   It provides partial protection from all sources of acid and corrosion.
 B - the +2 pair of boots of the Assassin (worn) {Detection Stab+ Stlth++}
   (Okawaru gifted it to you in an ice cave)

   It makes you much more stealthy.
 C - the +4 chain mail of True Grit {Slay+2 Stlth+}
   (You found it on level 10 of the Dungeon)

   It affects your accuracy and damage with ranged weapons and melee attacks
   (+2).
   It makes you more stealthy.
 D - the +0 cloak "Vezxasihi" (worn) {+Fly rN+}
   (Okawaru gifted it to you on level 12 of the Dungeon)

   It protects you from negative energy.
   It lets you fly.
 H - the +3 robe "Udoepe" {rPois rF+ MR++ rCorr, unknown}
   (You found it on level 12 of the Dungeon)

   It protects you from fire.
   It protects you from poison.
   It affects your resistance to hostile enchantments.
   It provides partial protection from all sources of acid and corrosion.
Jewellery
 e - an amulet of regeneration (around neck)
 g - a +3 ring of dexterity (left hand)
 l - a +2 ring of dexterity
 o - a +5 ring of strength (right hand)
 x - an uncursed ring of protection from fire
 A - a +3 amulet of reflection
Wands
 a - a wand of iceblast (7)
Scrolls
 d - 5 scrolls of remove curse
 k - a scroll of silence
 m - 5 scrolls of enchant armour
 p - 3 scrolls of magic mapping
 s - 3 scrolls of amnesia
 w - a scroll of fog
 y - a scroll of holy word
 z - 2 scrolls of enchant weapon
Potions
 b - 3 potions of curing
 q - a potion of magic
 r - a potion of mutation
 t - 3 potions of flight
 v - a potion of brilliance
Comestibles
 f - 18 rations


   Skills:
 * Level 14.4(19.4) Fighting
 - Level 10.2(15.2) Long Blades
 - Level 10.7(15.7) Armour
 - Level 5.3(10.3) Dodging
 - Level 0.2(5.2) Stealth
 - Level 12.0(17.0) Shields


You had 12 spell levels left.
You didn't know any spells.
Your spell library contained the following spells:

 Spells                   Type           Power        Failure   Level  Hunger
 Animate Skeleton         Necr           N/A          71%         1    ##.....
 Apportation              Tloc           #.....       71%         1    ##.....
 Confusing Touch          Hex            #.....       71%         1    ##.....
 Summon Small Mammal      Summ           #...         71%         1    ##.....


Dungeon Overview and Level Annotations

Branches:
Dungeon (13/15)            Temple (1/1) D:5            Lair (0/6) D:9
    Orc (1/2) D:11         Vaults (0/5) D:13

Altars:
Ashenzari
Cheibriados
Dithmenos
Elyvilon
Fedhas
Gozag
Hepliaklqana
Kikubaaqudgha
Makhleb
Nemelex Xobeh
Okawaru
Qazlal
Ru
Sif Muna
Trog
Uskayaw
Vehumet
Wu Jian
Xom
Yredelemnul
Zin
The Shining One

Shops:
D:6 :


Innate Abilities, Weirdness & Mutations

You cannot be hasted, slowed, berserked, paralysed or teleported.
You can dig through walls and to a lower floor.
Your four strong arms can wield two-handed weapons with a shield.
You have a pair of large antennae on your head. (SInv)


Message History

You block the ice dragon's attack.
The ice dragon bites you but does no damage.
The ice dragon closely misses you.
The ice dragon tramples you but does no damage.
The ice dragon barely misses you. You block the ice dragon's attack.
The ice dragon tramples you but does no damage.
The ice dragon breathes frost at you.
The blast of cold hits you but does no damage.
The ice dragon breathes frost at you. The blast of cold hits you. You resist.
* * * LOW HITPOINT WARNING * * *
The ice dragon breathes frost at you. The blast of cold hits you! You resist.
* * * LOW HITPOINT WARNING * * *
Okay, then.
You feel better. The ice dragon breathes frost at you.
The blast of cold misses the ice dragon.
The blast of cold hits you!! You resist.
You die...

#..## ###.###
##..## ##...#
##..# ##..###
##.## ##..##
#..## #..##
###..## #D.#
#.....# #D.#
##.....## #.##
##.......# ##@#
#........## #..#
##........###.##
###.........##..#
#..............##
..............##
.##..........##
####.........# #
#.........##


You could see 2 ice dragons.

Vanquished Creatures
  An ettin (D:13)
  An ice dragon (D:13)
  Harold (D:10)
  2 two-headed ogres
  3 centaur warriors
  An iron troll (D:13)
  An unseen horror (D:13)
  A necromancer (D:13)
  2 ugly things
  2 deep elf magi
  A cyclops (D:12)
  2 manticores (D:12)
  2 rime drakes (IceCv)
  2 ice statues (IceCv)
  A freezing wraith (D:13)
  9 trolls
  A hornet (D:13)
  Grinder (D:6)
  2 hippogriffs
  A vampire (D:13)
  14 yaks
  4 wyverns
  A hungry ghost (D:7)
  3 vampire mosquitoes (D:12)
  A soldier ant (shapeshifter) (D:13)
  A soldier ant (D:13)
  2 water moccasins
  8 orc warriors
  4 sky beasts
  An eye of draining (D:12)
  A necrophage (D:7)
  A black bear (D:6)
  17 ice beasts
  4 phantoms
  13 centaurs
  7 ogres
  2 big kobolds
  3 crocodiles
  7 bullfrogs
  4 scorpions
  A water moccasin skeleton (D:7)
  8 killer bees
  4 howler monkeys
  5 crimson imps
  6 hounds
  A quasit (D:10)
  2 bullfrog zombies
  4 jellies
  A gnoll shaman (D:6)
  5 orc priests
  4 centaur skeletons
  An iguana (D:5)
  13 orc wizards
  19 worker ants
  A hound zombie (D:9)
  A hound skeleton (D:11)
  A howler monkey zombie (D:10)
  Robin (D:2)
  17 gnolls
  14 adders
  2 shadow imps
  2 oozes
  5 worms
  4 dart slugs
  6 leopard geckos
  47 orcs
  6 giant cockroaches
  18 goblins
  6 hobgoblins
  19 jackals
  21 kobolds
  8 quokkas
  4 ball pythons
  6 bats
  8 frilled lizards
  2 jackal skeletons
  11 rats
419 creatures vanquished.

Notes
Turn   | Place    | Note
-------+----------+-------------------------------------------
     0 | D:1      | CitizenNev the Formicid Fighter began the quest for the
                  | Orb.
     0 | D:1      | Reached XP level 1. HP: 18/18 MP: 1/1
    29 | D:1      | Reached XP level 2. HP: 24/24 MP: 2/2
   225 | D:1      | Reached XP level 3. HP: 29/29 MP: 3/3
   974 | D:2      | Reached XP level 4. HP: 20/35 MP: 4/4
  1084 | D:2      | Reached XP level 5. HP: 33/41 MP: 5/5
  1217 | D:2      | Found an opulent altar of Gozag.
  1267 | D:2      | Found a faded altar of an unknown god.
  1327 | D:2      | Noticed Robin
  1364 | D:2      | Reached skill level 5 in Long Blades
  1405 | D:2      | Killed Robin
  1947 | D:3      | Found a glowing silver altar of Zin.
  1966 | D:3      | Reached XP level 6. HP: 38/47 MP: 6/6
  2124 | D:3      | Noticed a sky beast
  2157 | D:3      | Killed a sky beast
  2157 | D:3      | Reached skill level 5 in Armour
  2542 | D:3      | Found a glowing golden altar of the Shining One.
  2810 | D:4      | Noticed an ogre
  2817 | D:4      | Killed an ogre
  2817 | D:4      | Reached XP level 7. HP: 51/52 MP: 7/7
  2921 | D:4      | Reached skill level 5 in Shields
  2922 | D:4      | Noticed a water moccasin
  2941 | D:4      | Killed a water moccasin
  3117 | D:4      | Reached XP level 8. HP: 54/58 MP: 8/8
  3334 | D:4      | Reached skill level 4 in Fighting
  3474 | D:4      | Reached skill level 5 in Fighting
  3648 | D:4      | Found a hide-covered altar of Uskayaw.
  3728 | D:5      | Entered Level 5 of the Dungeon
  3830 | D:5      | Found a shadowy altar of Dithmenos.
  3895 | D:5      | Reached skill level 6 in Fighting
  3987 | D:5      | Found a staircase to the Ecumenical Temple.
  3993 | D:5      | Reached skill level 1 in Dodging
  4000 | Temple   | Entered the Ecumenical Temple
  4056 | Temple   | Became a worshipper of Warmaster Okawaru
  4695 | D:6      | Found Waongi's Book Shoppe.
  4722 | D:6      | Noticed Grinder
  4747 | D:6      | Killed Grinder
  4747 | D:6      | Reached XP level 9. HP: 42/69 MP: 9/9
  4943 | D:6      | Reached skill level 5 in Dodging
  5012 | D:6      | Reached * piety under Okawaru
  5048 | D:6      | Found a blossoming altar of Fedhas.
  5214 | D:6      | Got a fine robe
  5225 | D:6      | Identified the +1 robe of Besocw {-Tele rF+ rCorr Str+3}
                  | (You found it on level 6 of the Dungeon)
  6017 | D:7      | Reached ** piety under Okawaru
  6051 | D:7      | Found an ornate altar of the Wu Jian Council.
  6118 | D:7      | Reached XP level 10. HP: 67/76 MP: 10/10
  6212 | D:7      | Found a radiant altar of Vehumet.
  6265 | D:7      | Found a snail-covered altar of Cheibriados.
  7029 | D:7      | Reached skill level 10 in Long Blades
  7555 | D:9      | Noticed a two-headed ogre
  7564 | D:9      | Killed a two-headed ogre
  7564 | D:9      | Reached *** piety under Okawaru
  7564 | D:9      | Reached skill level 7 in Fighting
  7572 | D:9      | Found a hazy altar of Hepliaklqana.
  7616 | D:9      | Reached skill level 8 in Fighting
  7813 | D:9      | Reached skill level 9 in Fighting
  7933 | D:9      | Reached XP level 11. HP: 42/89 MP: 8/11
  8046 | D:9      | Found a radiant altar of Vehumet.
  8111 | D:9      | Found a shimmering altar of Xom.
  8401 | D:9      | Found a staircase to the Lair.
  8417 | D:9      | Reached **** piety under Okawaru
  8637 | D:10     | Entered Level 10 of the Dungeon
  8640 | D:10     | Got a distressingly furry chain mail
  8651 | D:10     | Identified the +12 chain mail of the Nightingale {rElec
                  | rCorr} (You found it on level 10 of the Dungeon)
  8775 | D:10     | Reached skill level 10 in Fighting
  8775 | D:10     | Noticed Harold
  8824 | D:10     | Killed Harold
  9030 | D:10     | Noticed a two-headed ogre
  9040 | D:10     | Killed a two-headed ogre
  9168 | D:10     | Noticed a centaur warrior
  9170 | D:10     | Reached ***** piety under Okawaru
  9190 | D:10     | Reached skill level 10 in Armour
  9200 | D:10     | Killed a centaur warrior
  9236 | D:10     | Received a gift from Okawaru
  9289 | D:10     | Got a brightly glowing great sword {god gift}
  9290 | D:10     | Identified the +3 great sword of Cionnigh {flame, Str+4}
                  | (Okawaru gifted it to you on level 10 of the Dungeon)
  9367 | D:10     | Got a warped chain mail
  9378 | D:10     | Identified the +4 chain mail of True Grit {Slay+2 Stlth+}
                  | (You found it on level 10 of the Dungeon)
  9681 | D:11     | Reached XP level 12. HP: 97/97 MP: 12/12
  9713 | D:11     | Found a staircase to the Orcish Mines.
 10216 | D:12     | Reached skill level 10 in Shields
 10258 | D:12     | Received a gift from Okawaru
 10285 | D:12     | Got a jewelled cloak {god gift}
 10298 | D:12     | Identified the +0 cloak "Vezxasihi" {+Fly rN+} (Okawaru
                  | gifted it to you on level 12 of the Dungeon)
 10715 | D:12     | Got a scorched trident
 10760 | D:12     | Got a silken robe
 11144 | D:13     | Noticed an unseen horror
 11153 | D:13     | Killed an unseen horror
 11153 | D:13     | Reached skill level 11 in Fighting
 11345 | D:13     | Noticed a centaur warrior
 11354 | D:13     | Killed a centaur warrior
 11354 | D:13     | Reached XP level 13. HP: 107/107 MP: 13/13
 11406 | D:13     | Reached skill level 12 in Fighting
 11510 | D:13     | Noticed a centaur warrior
 11519 | D:13     | Killed a centaur warrior
 11537 | D:13     | Noticed an ettin
 11542 | D:13     | Noticed an ice dragon
 11549 | D:13     | Killed an ice dragon
 11550 | D:13     | Killed an ettin
 11550 | D:13     | Reached skill level 13 in Fighting
 11551 | D:13     | Reached ****** piety under Okawaru
 11561 | D:13     | Received a gift from Okawaru
 11705 | D:13     | Found a gate to the Vaults.
 11847 | Orc:1    | Entered Level 1 of the Orcish Mines
 11915 | Orc:1    | Found a frozen archway.
 11933 | IceCv    | Entered an ice cave
 11961 | IceCv    | Reached skill level 14 in Fighting
 11964 | IceCv    | Received a gift from Okawaru
 11965 | IceCv    | Found the +2 pair of boots of the Assassin {Detection Stab+
                  | Stlth++}
 12332 | IceCv    | Noticed an ice dragon
 12335 | IceCv    | Noticed an ice dragon
 12369 | IceCv    | Killed from afar by an ice dragon

Skill      XL: |  1  2  3  4  5  6  7  8  9 10 11 12 13 |
---------------+----------------------------------------+-----
Long Blades    | 3 4 5 8 10 | 10.2
Armour         | 4 6 10 | 10.7
Shields        | 6 8 12 | 12.0
Fighting       | 6 9 10 11 14 | 14.4
Dodging        | 4 5 |  5.3
Stealth        | |  0.2

Action                   |  1- 3 |  4- 6 |  7- 9 | 10-12 | 13-15 || total
-------------------------+-------+-------+-------+-------+-------++-------
Melee: Long sword        |   122 |   275 |   496 |   520 |       ||  1413
       Great sword       |       |       |       |   224 |   145 ||   369
Invok: Heroism           |       |       |     1 |    12 |     2 ||    15
  Use: Scroll            |     4 |     2 |     4 |     9 |     2 ||    21
       Potion            |     1 |     6 |     4 |     3 |     6 ||    20
 Stab: Fleeing           |       |       |       |       |     1 ||     1
  Eat: Chunk             |       |     6 |    14 |    19 |     2 ||    41
       Ration            |       |       |       |       |     1 ||     1
Armor: Scale mail        |    52 |    10 |       |       |       ||    62
       Chain mail        |       |   135 |   235 |   281 |    90 ||   741
Dodge: Dodged            |    43 |    87 |   172 |   295 |    75 ||   672
Block: Shield            |    71 |   198 |   300 |   461 |   138 ||  1168
       Rpst.: Long sword |    12 |    28 |    46 |    49 |       ||   135
       Great sword       |       |       |       |    34 |    12 ||    46
